 Dungeon Crawl Stone Soup version 0.29-a0-416-g83a48905f1 (webtiles) character file.

Game seed: 5149152656313698851

7 dolemite99 the Caller (level 1, -1/13 HPs)
             Began as a Mummy Summoner on May 17, 2022.
             Was a Follower of Makhleb.
             Slain by a ball python (2 damage)
             ... on level 1 of the Dungeon.
             The game lasted 00:00:58 (1176 turns).

dolemite99 the Caller (Mummy Summoner)              Turns: 1176, Time: 00:00:59

Health: -1/13      AC:  2    Str: 11    XL:     1   Next: 91%
Magic:  2/4        EV:  9    Int: 14    God:    Makhleb [*.....]
Gold:   27         SH:  0    Dex: 12    Spells: 4/5 levels left

rFire   x . .      SeeInvis .   c - +0 dagger
rCold   + . .      Faith    .   (no shield)
rNeg    + + +      Spirit   .   a - +0 robe
rPois   ∞          Reflect  .   (no helmet)
rElec   .          Harm     .   (no cloak)
rCorr   .          Rampage  .   (no gloves)
Will    .....                   (no boots)
Stlth   ++........              (no amulet)
HPRegen 0.04/turn               (no ring)
MPRegen 0.09/turn               (no ring)

@: constricted
A: cold resistance 1, negative energy resistance 3, torment resistance 2, heat
vulnerability 1, no potions
a: Renounce Religion


You were on level 1 of the Dungeon.
You worshipped Makhleb.
Makhleb was aware of your devotion.
You visited 1 branch of the dungeon, and saw 1 of its levels.

You collected 27 gold pieces.

Inventory:

Hand Weapons
 c - a +0 dagger (weapon)
Missiles
 d - a stone
Armour
 a - a +0 robe (worn)
Jewellery
 b - an amulet of the acrobat
Potions
 e - 2 potions of curing {unknown}


   Skills:
 - Level 1.5 Dodging
 - Level 1.5 Stealth
 - Level 2.6 Spellcasting
 + Level 3.6 Summonings


You had 4 spell levels left.
You knew the following spells:

 Your Spells              Type           Power      Damage    Failure   Level
a - Summon Small Mammal   Summ           48%        N/A       4%          1

Your spell library contained the following spells:

 Spells                   Type           Power      Damage    Failure   Level
 Call Imp                 Summ           12%        N/A       8%          2
 Call Canine Familiar     Summ           12%        N/A       16%         3
 Summon Guardian Golem    Hex/Summ       7%         N/A       30%         3
 Summon Lightning Spire   Summ/Air       7%         N/A       71%         4


Dungeon Overview and Level Annotations

Branches:
Dungeon (1/15)

Altars:
Makhleb


Innate Abilities, Weirdness & Mutations

You are immune to poison.
Your flesh is cold resistant. (rC+)
You are immune to negative energy. (rN+++)
You are immune to unholy pain and torment.
You are vulnerable to heat. (rF-)
You do not drink.


Message History

The frilled lizard bites the plant.
The plant begins to die.
The ball python hisses angrily.
A nearby plant withers and dies.
The ball python misses you. The ball python grabs you.
The ball python constricts you.
You escape the ball python's grasp.
The ball python attacks as you move away!
The ball python barely misses you. x2
Found a scroll labelled KOPTORA ERUOPS.
The ball python attacks as you move away!
The ball python barely misses you.
Found 12 gold pieces.
The ball python attacks as you move away!
The ball python closely misses you. x3; The ball python grabs you.
The ball python constricts you.
The ball python's grasp on you weakens, but your attempt to escape fails.
The ball python misses you. The ball python constricts you.
You escape the ball python's grasp.
The ball python attacks as you move away!
The ball python barely misses you. x2
The ball python attacks as you move away!
The ball python bites you.
A ball python comes into view.
The ball python hisses angrily.
The ball python attacks as you move away!
The ball python bites you.
You see here 12 gold pieces.
Casting: Summon Small Mammal (safe; 4% risk of failure)
Confirm with . or Enter, or press ? or * to list all spells.
The ball python bites you. The ball python closely misses you. x3
The ball python bites you. The ball python closely misses you.
Your bat barely misses the ball python.
The ball python bites you. The ball python grabs you.
The ball python constricts you.
The ball python bites you but does no damage.
Your bat hits the ball python.
Casting: Summon Small Mammal (safe; 4% risk of failure)
Confirm with . or Enter, or press ? or * to list all spells.
Your bat barely misses the ball python. x2; The ball python bites you.
* * * LOW HITPOINT WARNING * * *
The ball python constricts you. The ball python bites you.
You die...

#. #. # #. .# ###
#.######.# #..
#........# ## #.#
#....#...#.
.####.#..
#..b.......
......#.#
#.S@r......
......#.#
#..S.......
......#.#
#...#l#......
......#.#
#####.######.
#####.#.# #.###
#####.#.########.#?#
...................#
#####..#########.#.#
.).....####### #.#.#


You could see 2 ball pythons, a frilled lizard, a friendly bat (summoned) and a
friendly rat (summoned).

Vanquished Creatures (collateral kills)
  2 bats (D:1)
  2 giant cockroaches (D:1)
  A frilled lizard (D:1)
  2 kobolds (D:1)
  A rat (D:1)
8 creatures vanquished.

Vanquished Creatures (others)
  A plant (D:1)
1 creature vanquished.

Grand Total: 9 creatures vanquished

Notes
Turn   | Place    | Note
-------+----------+-------------------------------------------
     0 | D:1      | dolemite99 the Mummy Summoner began the quest for the Orb.
     0 | D:1      | Reached XP level 1. HP: 13/13 MP: 4/4
   579 | D:1      | Found a faded altar of an unknown god.
   698 | D:1      | Prayed at the altar of an unknown god.
   698 | D:1      | Became a worshipper of Makhleb the Destroyer
   698 | D:1      | Reached * piety under Makhleb
  1176 | D:1      | Slain by a ball python

Illustrated notes

Levels and vault maps discovered:
D:1:      onia_arrival_mini_maze, layout_basic,
          shapermc_ecumenical_altar_mp_vishouse, serial_bayou_lagoon_a,
          minmay_misc_feat_room, minmay_bisected

Action                   || total
-------------------------++-------
Melee: Dagger            ||     8
 Cast: Summon Small Mamm ||    14
Armor: Robe              ||    13
Dodge: Dodged            ||    68

Table legend: (Time is in decaauts)
 A = Elapsed time spent in this place.
 B = Non-inter-level travel time spent in this place.
 C = Inter-level travel time spent in this place.
 D = Time resting spent in this place.
 E = Time spent auto-exploring this place.
 F = Levels seen in this place.
 G = Mean time per level.
                   A        B        C        D        E       F      G
               +--------+--------+--------+--------+--------+-----+--------+
         Total |   1175 |   1134 |     41 |    539 |    418 |   1 | 1175.0 |
       Dungeon |   1175 |   1134 |     41 |    539 |    418 |   1 | 1175.0 |
               +--------+--------+--------+--------+--------+-----+--------+

Top non-repeatable levels by time:
     D:1: 1175 daAuts
